Map: 光影交错-天梯版

Players

TIME (Oliveira) - Winner!

  • Race: Terran Terran

JieShi

  • Race: Protoss Protoss
  • League: Master

Event: DreamHack SC2 Masters 2021 Summer

VOD

Have the link to the VOD?

Description

Time

  • Played on: May 30, 2021, 10:06 a.m.
  • Length: 7:46

All games in this series

Show
View Real Time Build Order
Export as new Build Order

TIME Terran - Winner!

Build Orders:  

Get SALT Encoding   

  12  0:00  SCV  
  13  0:12  SCV  
  14  0:17  Supply Depot  
  14  0:24  SCV  
  15  0:38  SCV  
  15  0:40  Barracks  
  16  0:43  Refinery  
  16  0:51  SCV  
  17  1:03  SCV  
  18  1:15  SCV  
  19  1:27  Marine  
  19  1:28  Orbital Command  
  20  1:40  Command Center  
  20  1:46  Reaper  
  21  1:50  Supply Depot  
  21  1:54  SCV  
  22  2:06  SCV  
  23  2:08  Factory  
  23  2:17  Bunker  
  23  2:18  SCV  
  23  2:22  Barracks Reactor  
  24  2:26  Refinery  
  24  2:31  SCV  
  25  2:43  SCV  
  26  2:52  Orbital Command, Hellion  
  26  2:55  SCV  
  26  2:57  Starport  
  29  2:59  Marine  
  29  3:00  Marine  
  31  3:07  SCV  
  32  3:14  Factory Tech Lab  
  32  3:17  Marine  
  32  3:18  SCV, Marine  
  35  3:20  SCV  
  36  3:27  Supply Depot  
  36  3:31  SCV  
  36  3:32  SCV  
  38  3:35  Siege Tank  
  38  3:39  Marine  
  38  3:40  Marine  
  43  3:43  SCV  
  43  3:47  SCV  
  45  3:53  Supply Depot  
  45  3:56  SCV  
  45  3:59  SCV  
  45  4:00  Barracks  
  47  4:05  Barracks Tech Lab, Barracks  
  47  4:08  SCV  
  48  4:11  SCV  
  48  4:12  Siege Tank  
  48  4:14  Starport Reactor  
  52  4:19  Engineering Bay  
  52  4:20  SCV  
  52  4:23  SCV  
  54  4:24  Marine  
  54  4:26  Stimpack  
  54  4:30  Refinery  
  55  4:32  Supply Depot  
  55  4:33  SCV  
  55  4:35  SCV  
  57  4:45  SCV  
  58  4:46  Terran Infantry Weapons Level 1  
  58  4:47  SCV, Marine  
  58  4:48  Marine x2  
  61  4:57  SCV  
  61  4:58  Refinery  
  61  4:59  Siege Tank  
  65  5:04  Marine, Supply Depot  
  65  5:05  Marine  
  65  5:06  Starport Reactor  
  67  5:07  SCV, Supply Depot  
  67  5:08  Marine  
  67  5:09  SCV  
  70  5:22  Supply Depot  
  70  5:25  Marine x4  
  70  5:26  SCV, Marine  
  70  5:28  SCV  
  77  5:30  Supply Depot  
  77  5:31  Siege Tank  
  80  5:42  SCV x2  
  82  5:43  Marine x2  
  82  5:44  Marine x3  
  82  5:45  Supply Depot  
  82  5:46  Medivac  
  82  5:49  Medivac  
  91  5:55  Supply Depot  
  89  6:01  SCV x2, Marine x2  
  89  6:02  Marine  
  94  6:05  Marine, Combat Shield  
  94  6:06  Marine  
  94  6:08  Siege Tank  
  99  6:16  Supply Depot  
  99  6:19  Marine x2, Medivac  
  99  6:20  Marine  
  99  6:25  Medivac  
  106  6:28  Marine x2  
  106  6:37  Marine x2  
  104  6:40  Marine  
  104  6:46  Marine  
  105  6:48  Siege Tank  
  105  6:52  Marine  
  106  6:55  Marine  
  106  6:57  Marine  
  90  7:09  Marine x2  
  90  7:14  Marine  
  90  7:15  Marine  
  87  7:19  Marine  
  88  7:27  Marine x2  
Show
View Real Time Build Order
Export as new Build Order

JieShi Protoss 

Build Orders: 1 Gate Expand, Blink Stalkers 

Get SALT Encoding   

  12  0:00  Probe  
  13  0:12  Probe  
  14  0:17  Pylon  
  14  0:24  Probe (Chrono Boost)  
  16  0:36  Probe (Chrono Boost), Gateway  
  16  0:43  Probe (Chrono Boost)  
  16  0:47  Assimilator  
  17  0:51  Probe  
  18  1:03  Probe  
  19  1:15  Probe  
  20  1:24  Cybernetics Core  
  20  1:31  Nexus  
  20  1:34  Probe  
  21  1:41  Pylon  
  21  1:46  Probe  
  22  1:48  Assimilator  
  22  1:57  Adept (Chrono Boost)  
  22  1:58  Probe  
  25  2:01  Warp Gate  
  25  2:10  Probe  
  26  2:18  Twilight Council  
  27  2:22  Probe  
  27  2:24  Stalker (Chrono Boost)  
  29  2:34  Probe  
  30  2:49  Blink (Chrono Boost)  
  30  2:50  Probe x2 (Chrono Boost)  
  31  2:57  Gateway  
  31  3:02  Probe (Chrono Boost)  
  31  3:03  Probe (Chrono Boost)  
  33  3:08  Probe  
  33  3:11  Probe  
  35  3:20  Probe, Robotics Facility  
  35  3:23  Probe  
  37  3:32  Probe  
  38  3:35  Probe  
  39  3:44  Probe  
  39  3:46  Nexus  
  39  3:47  Probe  
  41  3:49  Pylon  
  41  3:54  Stalker  
  43  3:57  Stalker  
  43  3:58  Probe  
  46  4:05  Pylon  
  46  4:07  Probe  
  46  4:09  Observer  
  48  4:12  Pylon  
  48  4:13  Probe  
  49  4:17  Stalker  
  49  4:19  Probe  
  49  4:20  Stalker  
  49  4:23  Assimilator  
  54  4:27  Pylon  
  54  4:28  Probe  
  54  4:31  Observer, Probe  
  57  4:37  Gateway  
  57  4:40  Gateway  
  57  4:42  Probe  
  57  4:45  Probe  
  59  4:52  Warp Prism (Chrono Boost)  
  60  4:57  Probe (Chrono Boost)  
  60  4:58  Charge  
  63  5:01  Probe x2 (Chrono Boost)  
  63  5:04  Sentry  
  63  5:05  Sentry  
  68  5:11  Probe (Chrono Boost)  
  68  5:12  Probe (Chrono Boost)  
  68  5:13  Probe (Chrono Boost)  
  71  5:17  Gateway x2  
  71  5:23  Gateway  
  71  5:25  Gateway  
  71  5:27  Probe  
  71  5:28  Probe  
  73  5:29  Probe  
  73  5:33  Shield Battery  
  74  5:36  Immortal (Chrono Boost)  
  74  5:41  Probe  
  74  5:42  Probe  
  80  5:48  Stalker  
  82  5:52  Zealot x2  
  82  5:53  Probe  
  87  5:58  Pylon  
  87  6:01  Pylon  
  87  6:04  Observer  
  87  6:05  Immortal (Chrono Boost)  
  87  6:09  Zealot  
  93  6:12  Robotics Bay  
  93  6:14  Pylon  
  93  6:15  Pylon  
  93  6:20  Observer  
  93  6:21  Stalker, Sentry  
  93  6:23  Shield Battery  
  93  6:24  Shield Battery  
  97  6:26  Sentry  
  99  6:37  Zealot x4  
  99  6:38  Zealot  
  107  6:40  Immortal  
  111  6:55  Observer  
  111  6:56  Zealot x3, Pylon  
  111  6:57  Pylon  
  111  6:59  Zealot x2  
  121  7:07  Zealot  
  121  7:08  Zealot x2  
  83  7:18  Zealot x2  
  83  7:22  Zealot x3  
  87  7:31  Zealot  
  87  7:32  Zealot  
  87  7:34  Zealot  
Tags
 
Add a new tag
Caveats
  • Supply blocks, unpowered buildings, or Contaminate may cause inaccurate times.
  • Supply counts are checked every 10 seconds.